 Dungeon Crawl Stone Soup version 0.29.1-12-g30fa7ad0bf (webtiles) character file.

Game seed: 16184743922595448672

4 hawla the Chiller (level 2, 0/20 HPs)
             Began as a Meteoran Ice Elementalist on Dec 12, 2022.
             Slain by an ogre
             ... wielding a +0 giant club
              (20 damage)
             ... on level 4 of the Dungeon.
             The game lasted 00:00:45 (49 turns).

hawla the Chiller (Meteoran Ice Elementalist)         Turns: 49, Time: 00:00:47

Health: 0/20       AC:  2    Str:  9    XL:     2   Next: 0%
Magic:  3/6        EV: 12    Int: 16    God:
Gold:   0          SH:  0    Dex: 14    Spells: 5/6 levels left

rFire   . . .      SeeInvis .   (no weapon)
rCold   . . .      Faith    .   (no shield)
rNeg    . . .      Spirit   .   a - +0 robe
rPois   .          Reflect  .   (no helmet)
rElec   .          Harm     .   (no cloak)
rCorr   .          Rampage  .   (no gloves)
Will    .....                   (no boots)
Stlth   +.........              (no amulet)
HPRegen 0.06/turn               (no ring)
MPRegen 0.10/turn               (no ring)

@: glowing
A: sense surroundings 1, otherworldly, glowing, explore regen
a: no special abilities


You were on level 4 of the Dungeon.
You visited 1 branch of the dungeon, and saw 3 of its levels.

Inventory:

Armour
 a - a +0 robe (worn)
Scrolls
 c - a scroll of identify {unknown}
Potions
 b - a potion of magic


   Skills:
 + Level 2.4 Dodging
 - Level 1.4 Stealth
 + Level 2.7 Spellcasting
 + Level 4.6 Ice Magic


You had 5 spell levels left.
You knew the following spells:

 Your Spells              Type           Power      Damage    Failure   Level
a - Freeze                Ice            68%        1d8       2%          1

Your spell library contained the following spells:

 Spells                   Type           Power      Damage    Failure   Level
 Frozen Ramparts          Ice            34%        1d6       9%          3
 Ozocubu's Armour         Ice            17%        N/A       9%          3
 Hailstorm                Conj/Ice       9%         3d4       58%         4


Dungeon Overview and Level Annotations

Branches:
Dungeon (4/15) Zot: 1750
 Temple: D:4-7

Altars:


Innate Abilities, Weirdness & Mutations

You passively map a small area around you.
You are easily found by Zot.
You glow in the dark.
You regain HP and MP as you explore.


Message History

You kill the dart slug!
You have reached level 2!
Your magical contamination has completely faded away.
There is a shaft here.
You fall into a shaft and drop 2 floors!
The shaft crumbles and collapses.
As you read the scroll labelled ZAEMIB NIWI, it crumbles to dust.
The scroll dissolves into smoke.
It was a scroll of fog.
An ogre comes into view. It is wielding a +0 giant club.
The ogre moves out of view.
You see here a scroll labelled HAOFUAH ZYTHRU.
c - a scroll labelled HAOFUAH ZYTHRU You aren't carrying any items that you can evoke.
Casting: Freeze (safe; 2% risk of failure)
Confirm with . or Enter, or press ? or * to list all spells.
Aiming: Freeze (safe; 2% risk of failure)
Press: ? - help, Shift-Dir - straight line, f - ogre
Aim: an ogre, wielding a +0 giant club You freeze the ogre.
The ogre is lightly wounded.
The ogre barely misses you.
Unknown command.
Casting: Freeze (safe; 2% risk of failure)
Confirm with . or Enter, or press ? or * to list all spells.
Aiming: Freeze (safe; 2% risk of failure)
Press: ? - help, Shift-Dir - straight line, f/p - ogre
Aim: an ogre, wielding a +0 giant club You freeze the ogre.
The ogre is lightly wounded.
Unknown command.
Casting: Freeze (safe; 2% risk of failure)
Confirm with . or Enter, or press ? or * to list all spells.
Aiming: Freeze (safe; 2% risk of failure)
Press: ? - help, Shift-Dir - straight line, f/p - ogre
Aim: an ogre, wielding a +0 giant club (lightly wounded)
You freeze the ogre.
The ogre is lightly wounded.
The ogre hits you with a +0 giant club!!
Ouch! That really hurt!
You die...

, , * *, , , , , ,
, *, *..,* .#** .#
. , *, ..###.##..
* ..#...... ,
##.#....., , , *
*###@O......,, ,
#.##...§.###.. *
#......§.§# #* ,,
#.......§§§###.#
##......##§§...##.
#.##..##§§§§§....
## ####§§§§§.....
#§§§§....##> ,
###.......#


You could see an ogre.

Vanquished Creatures
  A dart slug (D:2)
  An endoplasm (D:2)
  A frilled lizard (D:2)
3 creatures vanquished.

Notes
Turn   | Place    | Note
-------+----------+-------------------------------------------
     0 | D:1      | hawla the Meteoran Ice Elementalist began the quest for the
                  | Orb.
     0 | D:1      | Reached XP level 1. HP: 14/14 MP: 5/5
    32 | D:2      | Reached XP level 2. HP: 20/20 MP: 0/6
    35 | D:2      | You fall into a shaft and drop 2 floors!
    40 | D:4      | Noticed an ogre
    49 | D:4      | Slain by an ogre

Illustrated notes

Levels and vault maps discovered:
D:1:      minmay_arrival_hallway, layout_basic, ebering_ecumenical_altar_hall,
          chequers_serial_rivers_micro_d
D:2:      layout_loops_ring, serial_shops, nicolae_shop_statue_plus,
          nicolae_lakefront_shop, nicolae_lakefront_shop, nicolae_shop_stone,
          shop, minmay_small_reverse_x, uniq_terence, uniq_robin
D:4:      layout_cave_pools, mainiacjoe_overflow_tiny_flanked,
          kennysheep_generic_room_16

Action                   || total
-------------------------++-------
Melee: Unarmed           ||     1
 Cast: Freeze            ||     7
  Use: Scroll            ||     1
Armor: Robe              ||     2
Dodge: Dodged            ||     2
